 Dungeon Crawl Stone Soup version 0.9-a1-687-g5b1bdd3 character file.

4537 xopherq the Cleaver (level 10, -5/75 HPs)
             Began as a Hill Orc Priest on June 24, 2011.
             Was an Elder of Beogh.
             Shot with a bolt by an orc warrior (7 damage)
             ... on Level 4 of the Orcish Mines.
             The game lasted 00:40:38 (8110 turns).

xopherq the Cleaver (Hill Orc Priest)               Turns: 8110, Time: 00:40:38

HP  -5/75        AC 12     Str 18 Exp: 10/5584 (1545), need: 2176
MP  16/16        EV 13     Int  9      God: Beogh [****..]
Gold 629         SH 29     Dex 17      Spells:  0 memorised,  9 levels left

Res.Fire  : . . .   See Invis. : .   a - +1,+2 orc hand axe
Res.Cold  : . . .   Warding    : . . C - +2 orc leather armour
Life Prot.: + . .   Conserve   : .   t - +0 large shield
Res.Acid. : . . .   Res.Corr.  : .   (helmet restricted)
Res.Poison: .       Clarity    : .   w - +1 cloak {MR}
Res.Elec. : .       Spirit.Shd : .   (no gloves)
Sust.Abil.: . .     Stasis     : .   l - +0 pair of boots
Res.Mut.  : .       Ctrl.Telep.: .   (no amulet)
Res.Rott. : .       Levitation : .   h - ring of life protection
Saprovore : + . .   Ctrl.Flight: .   j - +5 ring of protection

@: about to teleport, agile, quite resistant to hostile enchantments, quite
stealthy
A: beak, deformed body 1, saprovore 1
a: Smiting, Recall Orcish Followers, Renounce Religion


You were on level 4 of the Orcish Mines.
You worshipped Beogh.
Beogh was extremely pleased with you.
You were not hungry.

You visited 2 branches of the dungeon, and saw 11 of its levels.
You visited 1 portal chamber: sewer.

You collected 681 gold pieces.
You spent 72 gold pieces at shops.

Inventory:

Hand weapons
 a - a +1,+2 orcish hand axe (weapon)
 x - a +1 blowgun
Missiles
 e - 98 +0 darts (quivered)
 i - a +1 dart
 m - a +0 throwing net
 q - 8 +0 javelins
 u - 5 curare-tipped +1 needles
 y - 14 exploding +0 darts
 z - 46 poisoned +0 needles
 G - 30 +0 darts of flame
Armour
 k - a +1 robe of positive energy
 l - a +0 pair of boots (worn)
 t - a +0 large shield (worn)
 w - a +1 cloak of magic resistance (worn)
 C - a +2 orcish leather armour (worn)
 O - the cursed -2 robe of Brilliance {Str+2 Dex+1}
   (You took it off a hobgoblin on level 7 of the Dungeon)

   It affects your strength (+2).
   It affects your dexterity (+1).
   It has a curse placed upon it.
Magical devices
 s - a wand of flame (11)
 v - a wand of slowing (13)
 B - a wand of confusion (8)
 F - a wand of cold (10) {unknown}
 K - a wand of confusion (7)
Comestibles
 c - 5 meat rations
 f - 5 bread rations
 g - 2 chokos
 D - a banana
 L - an apple
Scrolls
 b - 2 scrolls of magic mapping
 E - 2 scrolls of remove curse
 H - a scroll of fog
 J - a scroll of detect curse
Jewellery
 h - a ring of life protection (right hand)
 j - a +5 ring of protection (left hand)
 o - an uncursed ring of teleport control {unknown}
 A - an uncursed ring of see invisible
 I - an uncursed ring of protection from magic {unknown}
Potions
 n - 4 potions of healing
 p - 2 potions of restore abilities
 r - a potion of porridge {unknown} You had 1545 experience left.


   Skills:
 + Level 5 Fighting
 + Level 10 Axes
 + Level 1 Throwing
 + Level 3 Armour
 + Level 3 Dodging
 + Level 2 Stealth
 + Level 5 Shields
 + Level 1 Traps & Doors
 + Level 5 Invocations


You had 9 spell levels left.
You didn't know any spells.

Dungeon Overview and Level Annotations

Branches:
Dungeon (7/27)             Temple (0/1) D:4             Orc (4/4) D:7
    Elf: Orc:3-4

Altars:
Ashenzari
Beogh

Shops:
D:6: /


Innate Abilities, Weirdness & Mutations

You can tolerate rotten meat.
You have a beak for a mouth.
Armour fits poorly on your unusually shaped body.


Message History

Your orc wizard casts a spell at the orc warrior.
The magic dart hits the orc warrior.
Gorbash closely misses the orc warrior.
Gorbash hits the orc warrior but does no damage.
Drink which item? (? for menu, Esc to quit)
Okay, then.
The orc warrior shoots a bolt.
The bolt hits Gorbash.
Your orc wizard smiles at you.
Your orc wizard hits the orc warrior with an uncursed runed orcish war axe.
Items here: %% ( )))) [[[[ Read which item? (? for menu, Esc to quit)
As you read the scroll of teleportation, it crumbles to dust.
You feel strangely unstable. You block the orc warrior's attack.
The orc warrior unwields an uncursed orcish crossbow.
The orc warrior wields an uncursed orcish scimitar.
The orc warrior closely misses Gorbash.
The orc warrior hits Gorbash with an uncursed orcish scimitar!
Gorbash dies!
The orc warrior looks more experienced.
The orc warrior shoots a bolt.
The bolt hits you!
You die...

##..#....
##.........
#....#......
##....#..(..≈
#.(.o........
##...ooo)).)().
##....o)#...(.≈
#.....o(#..(...≈
##.....@oo).....
###...(#.......
####.(((.##(....
##.###(....##..##
#....#...........
##.......##......
#.......#........
#...............
##..............


You could see 5 orc warriors, a friendly orc wizard and friendly 2 orcs.

Vanquished Creatures
  Edmund (D:7)
  6 centaurs
  Purgy (Port)
  4 orc warriors
  A phantom (D:5)
  3 ogres
  Sigmund (D:2)
  Duvessa (D:5)
  A big kobold zombie (D:6)
  Dowan (D:5)
  A hound (D:5)
  Crazy Yiuf (D:3)
  5 orc priests
  A hound skeleton (D:7)
  3 orc wizards
  A worker ant (D:5)
  Ijyb (D:2)
  3 gnolls (D:7)
  6 snakes
  A snake skeleton (D:4)
  A giant mite (D:4)
  4 worms
  2 grey rats (D:4)
  2 oozes
  10 orcs
  22 bats
  8 giant cockroaches
  11 goblins
  13 hobgoblins
  3 quokkas
  A small snake (D:1)
  4 giant geckos
  5 giant newts
  A giant spore (D:7)
  A hobgoblin skeleton (D:5)
  13 kobolds
  15 rats
  2 rat skeletons (D:4)
  A ballistomycete (D:7)
  2 toadstools
164 creatures vanquished.

Vanquished Creatures (collateral kills)
  A stone giant (Orc:4)
  A cyclops (Orc:3)
  3 orc warriors
  An ogre (D:7)
  3 centaurs
  A giant frog (D:7)
  Blork the orc (D:5)
  An imp (D:5)
  An orc priest (Orc:3)
  A scorpion (D:6)
  2 worker ants
  3 orc wizards
  A snake (D:6)
  A green rat (D:4)
  A worm (D:4)
  An ooze (D:5)
  14 orcs
  2 goblins
  2 hobgoblins
  A small snake (D:4)
  An orc zombie (D:6)
  2 rats (D:5)
  A rat skeleton (D:6)
  A ballistomycete (D:7)
47 creatures vanquished.

Vanquished Creatures (others)
  5 orc warriors
  3 orc wizards
  27 orcs
  4 orc priests
  3 toadstools
42 creatures vanquished.

Grand Total: 253 creatures vanquished

Notes
Turn   | Place    | Note
--------------------------------------------------------------
     0 | D:1      | xopherq, the Hill Orc Priest, began the quest for the Orb.
     0 | D:1      | Reached XP level 1. HP: 14/14 MP: 2/2
   171 | D:1      | Reached XP level 2. HP: 8/20 MP: 4/4
   271 | D:1      | Reached skill level 1 in Dodging
   416 | D:1      | Acquired Beogh's second power
   942 | D:1      | Reached XP level 3. HP: 26/26 MP: 6/6
  1259 | D:2      | Noticed Sigmund
  1289 | D:2      | Defeated Sigmund
  1289 | D:2      | Reached XP level 4. HP: 23/34 MP: 2/7
  1289 | D:2      | Reached XP level 5. HP: 26/39 MP: 2/9
  1415 | D:2      | Reached skill level 1 in Throwing
  1420 | D:2      | Reached skill level 5 in Axes
  1496 | D:2      | Noticed Ijyb
  1525 | D:2      | Defeated Ijyb
  1617 | D:2      | Reached skill level 1 in Shields
  2054 | D:3      | Noticed Crazy Yiuf
  2062 | D:3      | Defeated Crazy Yiuf
  2193 | D:3      | Reached XP level 6. HP: 36/46 MP: 11/11
  2442 | D:3      | Reached skill level 6 in Axes
  2772 | D:4      | Acquired Beogh's third power
  2864 | D:4      | Found a staircase to the Ecumenical Temple.
  2884 | D:4      | Reached XP level 7. HP: 29/52 MP: 11/11
  3191 | D:4      | Found a glowing drain. 3208
                  | sewer
                  | Entered the sewers 3255
                  | sewer
                  | Noticed Purgy 3271
                  | sewer
                  | Defeated Purgy
  3508 | D:5      | Entered Level 5 of the Dungeon
  3725 | D:5      | Reached skill level 1 in Armour
  3785 | D:5      | Reached skill level 1 in Stealth
  3927 | D:5      | Noticed Blork the orc
  3941 | D:5      | Reached skill level 7 in Axes
  3942 | D:5      | Defeated Blork the orc
  4013 | D:5      | Reached XP level 8. HP: 19/60 MP: 13/13
  4170 | D:5      | Noticed Dowan
  4171 | D:5      | Noticed Duvessa
  4175 | D:5      | Defeated Dowan
  4190 | D:5      | Defeated Duvessa
  5034 | D:5      | Reached skill level 1 in Traps & Doors
  5139 | D:6      | Found a shattered altar of Ashenzari.
  5222 | D:6      | Found Gremiadu's Magical Wand Emporium.
  5229 | D:6      | Bought a wand of confusion (7) for 72 gold pieces
  5356 | D:6      | Acquired Beogh's fourth power
  5713 | D:6      | Reached skill level 8 in Axes
  5866 | D:6      | Gained mutation: Armour fits poorly on your unusually shaped body.
  5866 | D:6      | Gained mutation: You have a beak for a mouth.
  6209 | D:7      | Gained Gorbash as an ally
  6430 | D:7      | Got a sheer robe
  6431 | D:7      | Identified the cursed -2 robe of Brilliance (You took it off a hobgoblin on level 7 of the Dungeon)
  6439 | D:7      | Noticed Edmund
  6455 | D:7      | Drained 106 experience points, 0 from pool.
  6465 | D:7      | Defeated Edmund
  6551 | D:7      | Reached XP level 9. HP: 67/67 MP: 15/15
  6936 | D:7      | Reached skill level 9 in Axes
  6938 | D:7      | Found a staircase to the Orcish Mines.
  6938 | D:7      | Found a roughly hewn altar of Beogh.
  7066 | Orc:1    | Entered Level 1 of the Orcish Mines
  7504 | Orc:3    | Gained Bogwald as an ally
  7594 | Orc:3    | Noticed a cyclops
  7604 | Orc:3    | Defeated a cyclops
  7931 | Orc:4    | Entered Level 4 of the Orcish Mines
  7931 | Orc:4    | Noticed a stone giant
  7943 | Orc:4    | Defeated a stone giant
  7943 | Orc:4    | Reached XP level 10. HP: 29/74 MP: 16/16
  7944 | Orc:4    | Gained Boldo as an ally
  8069 | Orc:4    | Reached skill level 5 in Shields
  8073 | Orc:4    | Reached skill level 5 in Fighting
  8075 | Orc:4    | Your ally Boldo died
  8083 | Orc:4    | Your ally Bogwald died
  8100 | Orc:4    | Reached skill level 10 in Axes
  8108 | Orc:4    | HP: 2/75 [orc warrior/ bolt (18)]
  8110 | Orc:4    | Your ally Gorbash died
  8110 | Orc:4    | Shot with a bolt by an orc warrior
